 Dungeon Crawl Stone Soup version 0.21-a0-641-geef9d7f (webtiles) character file.

768 shenanigans the Magician (level 7, -3/78 HPs)
             Began as a Barachi Fire Elementalist on Dec 30, 2017.
             Was an Initiate of Vehumet.
             Slain by a killer bee (5 damage)
             ... in the Ecumenical Temple.
             The game lasted 00:20:48 (7231 turns).

shenanigans the Magician (BaFE)                     Turns: 7231, Time: 00:20:48

Health: -3/78      AC: 23    Str:  9    XL:     7   Next: 82%
Magic:  13/13      EV:  2    Int: 18    God:    Vehumet [......]
Gold:   213        SH:  0    Dex: 12    Spells: 9/15 levels left

rFire    . . .     SeeInvis +   l - +0 short sword (elec)
rCold    . . .     Gourm    .   (no shield)
rNeg     + + +     Faith    .   (armour currently unavailable)
rPois    +         Spirit   .   (helmet currently unavailable)
rElec    .         Reflect  .   (cloak currently unavailable)
rCorr    .         Harm     .   (gloves currently unavailable)
MR       .....     NoTele   +   (boots currently unavailable)
Stlth    ++........             f - amulet of magic regeneration
HPRegen  0.23/turn              i - ring of see invisible
MPRegen  0.38/turn              (no ring)

@: lethally poisoned (-3 -> -6), tree-form, hasted, very quick
A: +LOS, swims
a: Renounce Religion


You were in the Ecumenical Temple.
You worshipped Vehumet.
Vehumet was noncommittal.
You were not hungry.
You were a tree.
You visited 2 branches of the dungeon, and saw 6 of its levels.

You collected 213 gold pieces.

Inventory:

Hand Weapons
 g - a +3 dagger
 l - a +0 short sword of electrocution (weapon)
 p - a +1 vampiric war axe
Missiles
 r - a tomahawk (quivered)
 u - 8 javelins
Armour
 a - a +0 robe (melded)
 d - a +0 pair of gloves (melded)
 t - a +0 helmet (melded)
Jewellery
 f - an amulet of magic regeneration (around neck)
 i - a ring of see invisible (left branch)
Scrolls
 e - 2 scrolls of teleportation
 h - 2 scrolls of blinking
 k - a scroll of enchant armour {unknown}
 m - a scroll of fog {unknown}
 s - 3 scrolls of amnesia
Potions
 j - a potion of haste
 n - a potion of brilliance
Books
 b - a book of Flames

   Spells                             Type                      Level
   a - Flame Tongue                   Conjuration/Fire             1
   b - Throw Flame                    Conjuration/Fire             2
   c - Conjure Flame                  Conjuration/Fire             3
   d - Inner Flame                    Hexes/Fire                   3
   e - Sticky Flame                   Conjuration/Fire             4
   f - Fireball                       Conjuration/Fire             5
 v - a book of Cantrips

   Spells                             Type                      Level
   a - Confusing Touch                Hexes                        1
   b - Animate Skeleton               Necromancy                   1
   c - Summon Small Mammal            Summoning                    1
   d - Apportation                    Translocation                1
Comestibles
 c - 5 rations


   Skills:
 + Level 3.1 Fighting
 + Level 2.2 Armour
 + Level 3.7 Dodging
 + Level 3.1 Stealth
 * Level 4.6 Spellcasting
 * Level 4.5 Conjurations
 * Level 4.4 Fire Magic


You had 9 spell levels left.
You knew the following spells:

 Your Spells              Type           Power        Failure   Level  Hunger
a - Flame Tongue          Conj/Fire      ###..        2%          1    None
b - Fireball              Conj/Fire      ###.......   52%         5    ######.


Dungeon Overview and Level Annotations

Branches:
Dungeon (5/15)             Temple (1/1) D:5

Altars:
Cheibriados
Elyvilon
Gozag
Kikubaaqudgha
Okawaru
Ru
Trog
Uskayaw
Vehumet
Wu Jian
Yredelemnul
Zin
Lugonu

Annotations:
D:2 Sigmund
D:4 churrofan69's ghost, amateur KoAM


Innate Abilities, Weirdness & Mutations

Shadows flee at your approach. (+LOS)
You can swim through water.
((You cover ground slowly.))
((You can hop short distances.))


Message History

Lightning courses through the killer bee!
The killer bee is almost dead.
The killer bee stings you.
* * * LOW HITPOINT WARNING * * *
The killer bee stings you but does no damage.
The killer bee stings you.
* * * LOW HITPOINT WARNING * * *
The killer bee stings you but does no damage.
You barely miss the killer bee.
The killer bee is almost dead.
You feel sick. The killer bee stings you.
* * * LOW HITPOINT WARNING * * *
The killer bee stings you.
* * * LOW HITPOINT WARNING * * *
Unknown command.
You miss the killer bee.
The killer bee is almost dead.
The killer bee stings you but does no damage. x2
The killer bee stings you.
You die...

##≈_≈## #....≈#
#_.⌠._# #≈≈...#
#≈_.# #### #...#
._.###≈..#########
.#..#......#...yP#
.⌠≈_.........#..♣#
...≈........≈..yP#
≈_####...#########
### #.#.# ##._.##
#...≈≈# #_.⌠._#
#≈....# ##._.##


You could see 2 killer bees.

Vanquished Creatures
  An ice beast (D:5)
  A phantom (D:4)
  An ogre (D:4)
  2 killer bees (Temple)
  2 crimson imps
  A hound (D:5)
  A bullfrog skeleton (D:4)
  An orc wizard (D:3)
  Terence (D:2)
  2 worker ants (D:4)
  A worker ant zombie (D:5)
  3 gnolls (D:3)
  4 adders
  3 oozes
  An adder skeleton (D:4)
  A worm (D:3)
  A dart slug (D:3)
  4 leopard geckos (D:2)
  10 orcs
  6 bats
  7 giant cockroaches
  7 goblins
  5 hobgoblins
  13 jackals
  A quokka (D:3)
  3 ball pythons
  3 frilled lizards
  A jackal skeleton (D:5)
  6 kobolds
  8 rats
101 creatures vanquished.

Notes
Turn   | Place    | Note
-------+----------+-------------------------------------------
     0 | D:1      | shenanigans the Barachi Fire Elementalist began the quest for the Orb.
     0 | D:1      | Reached XP level 1. HP: 13/13 MP: 3/3
   617 | D:1      | Reached XP level 2. HP: 19/19 MP: 5/5
   830 | D:1      | Reached XP level 3. HP: 21/25 MP: 6/6
  1040 | D:2      | Reached skill level 1 in Fighting
  1068 | D:2      | Noticed Sigmund
  1412 | D:2      | Noticed Terence
  1437 | D:2      | Killed Terence
  1437 | D:2      | Reached XP level 4. HP: 30/32 MP: 1/8
  1615 | D:2      | Found an ornate altar of the Wu Jian Council.
  1758 | D:2      | Found an opulent altar of Gozag.
  2359 | D:3      | Reached XP level 5. HP: 19/38 MP: 9/9
  2575 | D:3      | Found a sacrificial altar of Ru.
  3620 | D:3      | Found a bloodstained altar of Trog.
  4188 | D:4      | Noticed a phantom
  4553 | D:4      | Killed a phantom
  4553 | D:4      | Reached skill level 1 in Armour
  4553 | D:4      | Reached XP level 6. HP: 44/44 MP: 8/11
  4554 | D:4      | Found a glowing silver altar of Zin.
  4707 | D:4      | Noticed churrofan69's ghost (amateur KoAM)
  5906 | D:4      | Reached XP level 7. HP: 45/51 MP: 8/13
  6101 | D:4      | Found an iron altar of Okawaru.
  6134 | D:5      | Entered Level 5 of the Dungeon
  6552 | D:5      | Found a staircase to the Ecumenical Temple.
  6566 | Temple   | Entered the Ecumenical Temple
  6600 | Temple   | HP: 2/52 [poisoned by a killer bee]
  6608 | Temple   | HP: 1/52 [poisoned by a killer bee]
  6948 | Temple   | Became a worshipper of Vehumet
  7217 | Temple   | Learned a level 5 spell: Fireball
  7230 | Temple   | HP: 3/78 [killer bee (3)]
  7231 | Temple   | Slain by a killer bee

Vault maps used:
D:1:      dpeg_arrival_fog
D:2:      grunt_gozag_breadcrumbs, lemuel_doored_altar, first_ration,
          kennysheep_minor_cross, uniq_terence, uniq_sigmund
D:3:      nicolae_overflow_crystal_walls, nicolae_ru_great_annihilating_truth
D:4:      zin_academy, lemuel_coloured_pillars_altar
D:5:      nicolae_tso_carved_into_rock, minmay_temple_entry_junction
Temple:   corrupted_temple

Skill      XL: |  1  2  3  4  5  6  7 |
---------------+----------------------+-----
Stealth        | 2 3 |  3.1
Conjurations   | 2 3 4 |  4.5
Fighting       | 1 2 3 |  3.1
Spellcasting   | 3 4 |  4.6
Dodging        | 3 |  3.7
Armour         | 1 2 |  2.2
Fire Magic     | 4 |  4.4

Action                   |  1- 3 |  4- 6 |  7- 9 || total
-------------------------+-------+-------+-------++-------
Melee: Dagger            |    47 |    46 |       ||    93
       Short sword       |       |   120 |    36 ||   156
Throw: Tomahawk          |       |     2 |       ||     2
 Cast: Flame Tongue      |    31 |    59 |    33 ||   123
 Abil: Hop               |       |     5 |     1 ||     6
  Use: Scroll            |       |     3 |     4 ||     7
       Potion            |       |     5 |     2 ||     7
 Stab: Sleeping          |     2 |     2 |       ||     4
       Paralysed         |       |     1 |       ||     1
  Eat: Chunk             |     2 |     8 |     2 ||    12
       Ration            |       |     2 |     1 ||     3
Armor: Robe              |    17 |    41 |    11 ||    69
       Skin              |       |       |    20 ||    20
Dodge: Dodged            |    51 |   134 |    59 ||   244

Table legend:
 A = Spawn XP
 B = Non-spawn XP
 C = Spawn XP percentage of total XP
 D = Spawn monster count
 E = Non-spawn monster count
 F = Spawn count percentage of total count
 G = Total turns spent on level
                    A         B        C        D         E        F      G
               +---------+---------+-------+---------+---------+-------+---------
         Total |       0 |    1098 |   0.0 |       0 |     101 |   0.0 |  7231
               +---------+---------+-------+---------+---------+-------+---------
           D:1 |       0 |      36 |   0.0 |       0 |      19 |   0.0 |  1496
           D:2 |       0 |      92 |   0.0 |       0 |      22 |   0.0 |   640
           D:3 |       0 |     179 |   0.0 |       0 |      35 |   0.0 |  3070
           D:4 |       0 |     378 |   0.0 |       0 |      11 |   0.0 |   928
           D:5 |       0 |     243 |   0.0 |       0 |      10 |   0.0 |   436
        Temple |       0 |     170 |   0.0 |       0 |       4 |   0.0 |   661
               +---------+---------+-------+---------+---------+-------+---------
